 Dungeon Crawl Stone Soup version 0.19-a0-1035-gdbfb0c6 (webtiles) character file.

224 HAL9000 the Cutter (level 6, -5/32 HPs)
             Began as a Vine Stalker Enchanter on July 29, 2016.
             Slain by a gnoll
             ... wielding a +0 halberd
              (7 damage)
             ... on level 1 of the Dungeon.
             The game lasted 00:06:55 (2377 turns).

HAL9000 the Cutter (Vine Stalker Enchanter)         Turns: 2377, Time: 00:06:56

Health: -5/32      AC:  6    Str: 12    XL:     6   Next: 0%
Magic:  0/10       EV: 12    Int: 15    God:
Gold:   84         SH:  0    Dex: 15    Spells: 3 memorised, 3 levels left

rFire  . . .     SeeInvis .     a - +1 dagger
rCold  . . .     Gourm    .     b - +1 robe
rNeg   . . .     Faith    .     (no shield)
rPois  .         Spirit   +     x - +2 helmet
rElec  .         Dismiss  .     (no cloak)
rCorr  .         Reflect  .     (no gloves)
SustAt .         Harm     .     (no boots)
MR     +....                    (no amulet)
Stlth  ++........               j - ring of protection from magic
                                (no ring)

@: very slightly contaminated, somewhat resistant to hostile enchantments,
unstealthy
A: fangs 2, regeneration 2, magic shield, antimagic bite, no device heal 3, rot
immunity
a: no special abilities


You were on level 1 of the Dungeon.
You were hungry.

You visited 1 branch of the dungeon, and saw 3 of its levels.

You collected 84 gold pieces.

Inventory:

Hand Weapons
 a - a +1 dagger (weapon)
Armour
 b - a +1 robe (worn)
 x - a +2 helmet (worn)
Jewellery
 j - a ring of protection from magic (right hand)
Scrolls
 u - 3 scrolls of remove curse
Potions
 e - 3 potions of curing
 h - a potion of degeneration {unknown}
 q - a potion of might {unknown}
 r - a potion of magic {unknown}
 v - a potion of heal wounds {unknown}
 w - a potion of cure mutation {unknown}
Books
 c - a book of Maledictions

   Spells                             Type                      Level
   a - Corona                         Hexes                        1
   b - Ensorcelled Hibernation        Hexes/Ice                    2
   c - Confuse                        Hexes                        3
   d - Tukima's Dance                 Hexes                        3
   e - Dazzling Spray                 Conjuration/Hexes            3
Comestibles
 d - 2 bread rations
 t - a meat ration


   Skills:
 + Level 2.9 Fighting
 * Level 4.0 Short Blades
 - Level 1.5 Dodging
 - Level 3.6 Stealth
 - Level 2.1 Spellcasting
 - Level 3.0 Hexes


You had 3 spell levels left.
You knew the following spells:

 Your Spells              Type           Power        Failure   Level  Hunger
a - Corona                Hex            ##.....      8%          1    #......
x - Confuse               Hex            ##......     21%         3    ###....
z - Ensorcelled Hibernat  Hex/Ice        #.....       17%         2    ###....


Dungeon Overview and Level Annotations

Branches:
Dungeon (3/15)

Altars:

Annotations:
D:3 Gagarin's ghost, amateur DrSk; Ijyb


Innate Abilities, Weirdness & Mutations

You have extremely sharp teeth.
You heal very quickly.
When hurt, damage is shared between your health and your magic reserves.
Your bite disrupts and absorbs the magic of your enemies.
Potions and wands cannot restore your health.
You are immune to rotting.


Message History

* * * LOW HITPOINT WARNING * * *
The gnoll closely misses you.
Unknown command.
You barely miss the gnoll.
The gnoll is almost dead.
The gnoll hits you with a flail.
* * * LOW HITPOINT WARNING * * *
Unknown command.
You hit the gnoll.
You kill the gnoll!
You have reached level 6!
Your experience leads to an increase in your attributes!
Increase (S)trength, (I)ntelligence, or (D)exterity?
You feel stronger.
You begin to heal more quickly.
The gnoll barely misses you.
Unknown command.
It was a potion of curing.
That felt strangely inert.
The gnoll hits you from afar with a halberd!
You die...

##...## #.##########<>##########
#.....## #.#.....................
.......###.#.##..##......##..##..
.......>##.#.....................
........'..#.######......######..
........##.#.g..gg..(............
.......###.#g####################
#....>## #.#.#.#.# #.#......##
##...## #.#...#@#### #.#.##.####
##'## #.....#.)g.# #^#.##†# #.#
#..#######.# #.#.##.# ###.##
##..g.#g.).# #......# #....#
####.#.#### ###.#### .....##
#.#.# #.# ### ......# #g).# #.#
#.. ##...## ##.## #.# #.#
###..##########.# #.#####.#


You could see a gnoll.

Vanquished Creatures
  Natasha (thrice) (D:2)
  A hound zombie (D:3)
  Robin (D:2)
  An adder (D:2)
  3 gnolls (D:1)
  A dart slug (D:1)
  2 giant geckos (D:2)
  9 bats
  9 hobgoblins
  8 jackals (D:1)
  10 kobolds
  6 giant newts
  22 goblins
  4 rats (D:1)
80 creatures vanquished.

Vanquished Creatures (others)
  2 plants (D:1)
2 creatures vanquished.

Grand Total: 82 creatures vanquished

Notes
Turn   | Place    | Note
-------+----------+-------------------------------------------
     0 | D:1      | HAL9000 the Vine Stalker Enchanter began the quest for the Orb.
     0 | D:1      | Reached XP level 1. HP: 9/9 MP: 4/4
    92 | D:1      | Reached skill level 1 in Short Blades
   276 | D:1      | Reached XP level 2. HP: 14/14 MP: 6/6
   439 | D:1      | Reached skill level 1 in Fighting
   511 | D:1      | Reached skill level 2 in Short Blades
   607 | D:1      | Reached XP level 3. HP: 18/18 MP: 7/7
   618 | D:1      | Learned a level 2 spell: Ensorcelled Hibernation
   622 | D:1      | Learned a level 3 spell: Confuse
  1332 | D:2      | Reached XP level 4. HP: 23/23 MP: 5/8
  1362 | D:2      | Noticed Natasha
  1429 | D:2      | Killed Natasha
  1429 | D:2      | Reached skill level 3 in Short Blades
  1468 | D:2      | Noticed Natasha
  1479 | D:2      | Killed Natasha
  1479 | D:2      | Reached XP level 5. HP: 22/27 MP: 2/9
  1532 | D:2      | Noticed Robin
  1679 | D:2      | Killed Robin
  1703 | D:2      | Noticed Natasha
  1706 | D:2      | Found a faded altar of an unknown god.
  1714 | D:2      | Killed Natasha
  1919 | D:3      | Noticed Gagarin's ghost (amateur DrSk)
  1945 | D:3      | Noticed Ijyb
  2042 | D:3      | HP: 1/28 [Gagarin's ghost (5)]
  2356 | D:1      | Reached skill level 4 in Short Blades
  2375 | D:1      | HP: 1/28 [gnoll/flail (4)]
  2376 | D:1      | Gained mutation: You heal very quickly. [Vine Stalker growth]
  2376 | D:1      | Reached XP level 6. HP: 1/32 MP: 0/10
  2377 | D:1      | Slain by a gnoll

Vault maps used:
D:1:      dpeg_arrival_line_fractal, lexackson_kobold_supper
D:2:      ecumenical_altar_1, hex_large, uniq_robin, uniq_natasha
D:3:      lemuel_coloured_pillars_altar, uniq_crazy_yiuf_cottage, uniq_iyjb

Skill      XL: |  1  2  3  4  5 |
---------------+----------------+-----
Short Blades   | 1 2 3 4 |  4.0
Fighting       | 1 2 |  2.9
Dodging        | |  1.5
Stealth        | |  3.6
Spellcasting   | |  2.1
Hexes          | |  3.0

Action                   |  1- 3 |  4- 6 || total
-------------------------+-------+-------++-------
Melee: Dagger            |   129 |   159 ||   288
       Bite              |    18 |    30 ||    48
 Cast: Corona            |     4 |       ||     4
       Ensorcelled Hiber |     3 |    12 ||    15
       Confuse           |       |     1 ||     1
  Use: Scroll            |     3 |       ||     3
       Potion            |       |     1 ||     1
 Stab: Sleeping          |     8 |    10 ||    18
       Distracted        |     1 |       ||     1
  Eat: Chunk             |       |     4 ||     4
       Royal jelly       |       |     1 ||     1
Armor: Robe              |    25 |    87 ||   112
Dodge: Dodged            |    89 |   139 ||   228
